 Dungeon Crawl Stone Soup version 0.17-a0-18-gc25b939 (webtiles) character file.

13601 Chiseanne the Fighter (level 12, -5/98 HPs)
             Began as a Formicid Fighter on Mar 10, 2015.
             Was an Initiate of Gozag.
             Slain by a hill giant
             ... wielding a +0 giant club of flaming
              (6 damage)
             ... in a volcano.
             The game lasted 01:01:01 (15334 turns).

Chiseanne the Fighter (Formicid Fighter)           Turns: 15334, Time: 01:01:01

Health: -5/98      AC: 18    Str: 23    XL:     12   Next: 34%
Magic:  23/23      EV: 13    Int: 10    God:    Gozag
Gold:   1000       SH: 12    Dex: 11    Spells: 1 memorised, 16 levels left

rFire  + . .     SeeInvis +     a - +3 battleaxe
rCold  . . .     Clarity  .     x - +3 ring mail {rF+}
rNeg   . . .     SustAb   .     c - +0 shield
rPois  +         Gourm    .     (helmet unavailable)
rElec  .         Spirit   .     P - +2 cloak {rPois}
rCorr  .         Warding  .     N - +1 pair of gloves
rMut   .         Stasis   +     Q - +0 pair of boots
MR     +....                    (no amulet)
Stlth  +.........               L - ring of poison resistance
                                p - ring of wizardry

@: lethally poisoned (-5 -> -6), somewhat resistant to hostile enchantments,
very unstealthy
A: permanent stasis, dig shafts and tunnels, four strong arms, antennae 3,
molten scales 1, poison resistance
a: Dig, Shaft Self, Potion Petition, Call Merchant, Bribe Branch, Renounce
Religion


You were in a volcano.
You worshipped Gozag.
Gozag was noncommittal.
You were not hungry.

You visited 4 branches of the dungeon, and saw 17 of its levels.
You also visited: Sewer and Volcano.

You collected 3285 gold pieces.
You spent 2149 gold pieces at shops.
You paid 136 gold pieces to Gozag.

Inventory:

Hand weapons
 a - a +3 battleaxe (weapon)
 n - a +2 falchion of protection
 o - a +0 morningstar of draining
 s - a +0 broad axe of electrocution
 w - a +0 blowgun
 R - a +1 dire flail
Missiles
 b - 7 javelins
 e - 77 bolts
 h - 15 bolts of penetration
 i - 2 silver tomahawks
 j - 64 poisoned needles
 u - 41 sling bullets
 A - 3 tomahawks of dispersal
 H - a throwing net
 I - 5 curare-tipped needles
 K - 20 tomahawks (quivered)
Armour
 c - a +0 shield (worn)
 g - the +3 scale mail of Midwinter {+Fly MR+ Str+2 Dex-5}
   (You bought it in a shop on level 8 of the Dungeon)

   It affects your strength (+2).
   It affects your dexterity (-5).
   It affects your resistance to hostile enchantments.
   It lets you fly.
 r - a +0 chain mail of cold resistance
 x - a +3 ring mail of fire resistance (worn)
 N - a +1 pair of gloves (worn)
 P - a +2 cloak of poison resistance (worn)
 Q - a +0 pair of boots (worn)
Jewellery
 p - a ring of wizardry (left hand)
 L - a ring of poison resistance (right hand)
Magical devices
 D - a wand of digging (11)
Scrolls
 f - a scroll of fog
 v - 2 scrolls of immolation
 y - 2 scrolls of amnesia
 B - a scroll of magic mapping
 G - a scroll of remove curse
Potions
 d - a potion of cancellation
 k - a potion of curing
 l - 4 potions of mutation
 C - 2 potions of brilliance
 E - 2 potions of invisibility {unknown}
 F - a potion of restore abilities
 O - a potion of agility {unknown}
Books
 m - a Fen Folio

   Spells                             Type                      Level
   a - Corpse Rot                     Necromancy                   2
   b - Stone Arrow                    Conjuration/Earth            3
   c - Leda's Liquefaction            Hexes/Earth                  4
   d - Summon Forest                  Summoning/Translocation      5
   e - Hydra Form                     Transmutation                6
   f - Summon Hydra                   Summoning                    7
 M - a book of Dreams

   Spells                             Type                      Level
   a - Ensorcelled Hibernation        Hexes/Ice                    2
   b - Flight                         Charms/Air                   3
   c - Phase Shift                    Translocation                5
   d - Shadow Creatures               Summoning                    5
   e - Mass Confusion                 Hexes                        6
   f - Darkness                       Hexes                        7
Comestibles
 q - 4 fruits
 t - 2 meat rations
 z - 3 bread rations


   Skills:
 - Level 10.5 Fighting
 * Level 10.4 Axes
 * Level 8.7 Armour
 - Level 5.3 Dodging
 - Level 10.0 Shields
 * Level 3.6 Spellcasting
 * Level 4.4 Hexes


You had 16 spell levels left.
You knew the following spells:

 Your Spells              Type           Power        Failure   Level  Hunger
a - Ensorcelled Hibernat  Hex/Ice        #.....       10%         2    ###....


Dungeon Overview and Level Annotations

Branches:
Dungeon (11/15)            Temple (1/1) D:6            Lair (1/8) D:9
    Orc (4/4) D:10            Elf (0/3) Orc:3

Altars:
Ashenzari
Cheibriados
Dithmenos
Elyvilon
Fedhas
Gozag
Kikubaaqudgha
Makhleb
Nemelex Xobeh
Okawaru
Qazlal
Ru
Sif Muna
Trog
Vehumet
Xom
Yredelemnul
Zin
The Shining One
Beogh

Shops:
D:8 [

Annotations:
D:4 Grinder
D:5 exclusion: statue


Innate Abilities, Weirdness & Mutations

You are under a permanent stasis effect.
You can dig through walls and to a lower floor.
Your four strong arms can wield two-handed weapons with a shield.
You have a pair of large antennae on your head (SInv).
You are partially covered in molten scales (AC +1).
Your system is resistant to poisons.


Message History

The ogre is heavily wounded.
You feel sick. You block the ogre's attack.
You hit the ogre.
The ogre is heavily wounded.
The hill giant is no longer distracted by gold.
The ogre hits you with a great mace of flaming.
The hill giant hits you with a giant club of flaming!
* * * LOW HITPOINT WARNING * * *
The hill giant burns you.
* * * LOW HITPOINT WARNING * * *
You hit the ogre.
The ogre is heavily wounded.
You slash the hill giant!
The hill giant is moderately wounded.
You block the ogre's attack.
The hill giant hits you with a giant club of flaming!!
* * * LOW HITPOINT WARNING * * *
The hill giant burns you.
You die...
Your body crumbles into a pile of gold.

≈≈§§§§≈.########+########
§≈§≈§§§.# #.# ≈§§≈§§§.# {
#.# { §≈§≈§≈§.# $$ #.# $
$ §§≈≈≈≈≈.# $ $ #.# $
§§§≈≈≈≈.# #.# §≈≈≈≈§≈.#
#.# ≈§≈§≈§≈.# ###$### §§#
#.O@C.# #.8_8.# ≈
..'.....'.. §
############# ≈§ ≈≈ ≈§≈
≈§ §§§§ ≈≈§ §§§≈§ ≈ ≈≈≈§§


You could see a hill giant and an ogre.

Vanquished Creatures
  An ogre mage (Volcano)
  Urug (Orc:2)
  Pikel (D:5)
  An orc knight (Orc:2)
  The ghost of Chiseanne the Ducker, an experienced HaMo of Gozag (D:4)
  2 two-headed ogres
  2 polar bears (Orc:1)
  2 trolls (D:10)
  3 hippogriffs
  A wraith (D:9)
  2 yaks (Orc:1)
  Eustachio (D:5)
  4 fire bats
  2 wargs
  A hungry ghost (D:9)
  Menkaure (D:5)
  3 wolves (Orc:1)
  2 ice beasts
  2 water moccasins
  A slave (D:5)
  A wasp (D:8)
  A black bear (D:8)
  2 phantoms (D:8)
  An eye of draining (D:10)
  13 orc warriors
  A necrophage (D:9)
  7 ogres
  4 centaurs
  2 sky beasts (D:9)
  Sigmund (D:4)
  Duvessa (D:8)
  A big kobold (D:8)
  A gnoll sergeant (D:7)
  4 giant frogs
  A crocodile (Sewer)
  A scorpion (D:6)
  19 killer bees
  19 wights
  4 lava snakes (Volcano)
  A quasit (D:10)
  Dowan (D:8)
  2 centaur zombies
  A giant frog zombie (D:8)
  A goliath beetle (D:6)
  3 crimson imps
  21 orc priests
  3 hounds
  An iguana (D:6)
  A centaur skeleton (D:4)
  4 worker ants
  18 orc wizards
  A mummy (D:10)
  Robin (D:2)
  2 river rats (D:6)
  3 gnolls (D:7)
  9 adders
  2 giant mites (D:6)
  4 worms
  2 adder zombies
  7 giant geckos
  3 oozes
  132 orcs
  2 ball pythons
  7 giant cockroaches
  24 goblins
  9 hobgoblins
  13 jackals
  A quokka (D:1)
  16 bats
  A giant gecko skeleton (D:7)
  4 giant newts
  A giant spore (D:9)
  20 kobolds
  A quokka zombie (D:5)
  13 rats
  10 ballistomycetes
463 creatures vanquished.

Vanquished Creatures (others)
  An iguana (D:5)
  An orc (D:5)
  A giant spore (D:8)
3 creatures vanquished.

Grand Total: 466 creatures vanquished

Notes
Turn   | Place    | Note
--------------------------------------------------------------
     0 | D:1      | Chiseanne, the Formicid Fighter, began the quest for the Orb.
     0 | D:1      | Reached XP level 1. HP: 18/18 MP: 1/1
    57 | D:1      | Reached XP level 2. HP: 21/24 MP: 3/3
   525 | D:1      | Reached skill level 1 in Dodging
   525 | D:1      | Reached XP level 3. HP: 29/29 MP: 4/4
   968 | D:1      | Reached skill level 4 in Shields
  1189 | D:1      | You fall through a shaft!
  1432 | D:2      | Noticed Robin
  1455 | D:2      | Reached XP level 4. HP: 15/35 MP: 5/5
  1473 | D:2      | HP: 1/35 [poisoned by Robin]
  1475 | D:2      | Killed Robin
  1971 | D:2      | Reached XP level 5. HP: 36/41 MP: 7/7
  1993 | D:2      | You fall through a shaft for 2 floors!
  2286 | D:3      | Found a glowing golden altar of the Shining One.
  2398 | D:3      | Found a sacrificial altar of Ru.
  2651 | D:3      | Reached skill level 5 in Shields
  2865 | D:4      | Noticed Sigmund
  2877 | D:4      | Killed Sigmund
  2877 | D:4      | Reached XP level 6. HP: 41/48 MP: 8/8
  3036 | D:4      | Noticed Chiseanne's ghost (experienced HaMo)
  3069 | D:4      | Killed Chiseanne's ghost
  3069 | D:4      | Reached skill level 5 in Armour
  3069 | D:4      | Reached XP level 7. HP: 45/55 MP: 9/9
  3277 | D:4      | Noticed Grinder
  3281 | D:4      | You fall through a shaft for 2 floors!
  3297 | D:6      | Found a staircase to the Ecumenical Temple.
  3308 | Temple   | Entered the Ecumenical Temple
  3463 | D:6      | Reached skill level 5 in Fighting
  3482 | D:6      | Found a glowing drain.
  3485 | Sewer    | Entered a sewer
  4062 | D:5      | Entered Level 5 of the Dungeon
  4144 | D:5      | Found an opulent altar of Gozag.
  4145 | D:5      | Found an ancient bone altar of Kikubaaqudgha.
  4148 | D:5      | Found a sparkling altar of Nemelex Xobeh.
  4152 | D:5      | Became a worshipper of Gozag Ym Sagoz the Greedy
  4217 | D:5      | Noticed Eustachio
  4230 | D:5      | Killed Eustachio
  4230 | D:5      | Reached XP level 8. HP: 60/63 MP: 11/11
  4239 | D:5      | Noticed Pikel
  4257 | D:5      | Killed Pikel
  4257 | D:5      | Reached skill level 6 in Fighting
  4257 | D:5      | Reached skill level 5 in Dodging
  4364 | D:5      | Reached skill level 5 in Axes
  4364 | D:5      | Reached XP level 9. HP: 54/71 MP: 12/12
  4491 | D:5      | Found Zin's Purification Station.
  4494 | D:5      | Found a glowing silver altar of Zin.
  4499 | D:5      | Bought a potion of restore abilities for 150 gold pieces
  4640 | D:5      | Noticed Menkaure
  4648 | D:5      | Killed Menkaure
  4657 | D:5      | Found a radiant altar of Vehumet.
  4669 | D:5      | Found a white marble altar of Elyvilon.
  5086 | D:6      | Reached skill level 7 in Fighting
  5288 | D:6      | Found a bloodstained altar of Trog.
  5486 | D:6      | You fall through a shaft for 3 floors!
  6054 | D:8      | Reached XP level 10. HP: 31/80 MP: 13/13
  6056 | D:8      | Reached skill level 8 in Fighting
  6342 | D:8      | Found a blossoming altar of Fedhas.
  6628 | D:8      | Found Untanemo's Antique Armour Emporium.
  6634 | D:8      | Noticed Dowan
  6637 | D:8      | Noticed Duvessa
  6652 | D:8      | Killed Duvessa
  6654 | D:8      | Killed Dowan
  6695 | D:8      | Bought a smoking scale mail for 333 gold pieces
  6695 | D:8      | Bought a pair of embroidered gloves for 166 gold pieces
  6711 | D:8      | Identified the +3 scale mail of Midwinter {+Fly MR+ Str+2 Dex-5} (You bought it in a shop on level 8 of the Dungeon)
  7066 | D:7      | Found a snail-covered altar of Cheibriados.
  7138 | D:7      | Found a shattered altar of Ashenzari.
  7181 | D:7      | Reached skill level 9 in Shields
  7227 | D:7      | Learned a level 2 spell: Ensorcelled Hibernation
  8868 | D:9      | Reached skill level 10 in Shields
  8868 | D:9      | Reached XP level 11. HP: 87/89 MP: 15/15
  8926 | D:9      | Found a staircase to the Lair.
  9320 | D:10     | Entered Level 10 of the Dungeon
  9337 | D:9      | Reached skill level 1 in Spellcasting
  9359 | D:10     | Reached skill level 1 in Hexes
  9597 | D:10     | Found an iron altar of Okawaru.
  9830 | D:10     | Found a staircase to the Orcish Mines.
 11088 | D:8      | Bought a twisted cloak for 351 gold pieces
 11098 | D:8      | Identified the +0 cloak of Tap Saxe {rPois MR+ MP-9 Str+4 Int-5} (You bought it in a shop on level 8 of the Dungeon)
 11107 | D:8      | Bought an embroidered cloak for 166 gold pieces
 11112 | D:8      | Bought an ancient robe for 210 gold pieces
 11127 | D:8      | Identified the +1 robe "Wunoil" {rCorr} (You bought it in a shop on level 8 of the Dungeon)
 11196 | D:11     | Noticed a hill giant
 11235 | Lair:1   | Entered Level 1 of the Lair of Beasts
 11350 | Orc:1    | Entered Level 1 of the Orcish Mines
 11716 | Orc:1    | Noticed an ice dragon
 11750 | Orc:1    | Reached skill level 10 in Fighting
 11754 | Orc:1    | HP: 4/90 [ice dragon/blast of cold (41)]
 11759 | Orc:1    | You fall through a shaft!
 12109 | Orc:2    | Noticed Urug
 12123 | Orc:2    | Killed Urug
 12911 | Orc:3    | Noticed an orc knight
 12930 | Orc:2    | Killed an orc knight
 13499 | D:8      | Bought a pitted leather armour for 259 gold pieces
 13499 | D:8      | Bought a brightly glowing leather armour for 259 gold pieces
 13510 | D:8      | Identified the cursed -2 leather armour "Ocof" {+Inv rC- rN+ Regen+ Str-2} (You bought it in a shop on level 8 of the Dungeon)
 13524 | D:8      | Identified the +1 leather armour "Sunkytax" {+Inv} (You bought it in a shop on level 8 of the Dungeon)
 13697 | Orc:1    | Gained mutation: You are partially covered in molten scales (AC +1). [potion of beneficial mutation]
 13698 | Orc:1    | Gained mutation: Your system is resistant to poisons. [potion of beneficial mutation]
 13713 | Orc:1    | You fall through a shaft!
 13758 | Orc:2    | Reached XP level 12. HP: 25/98 MP: 23/23
 14408 | Orc:3    | Found Teifaec's Food Emporium.
 14460 | Orc:3    | Bought 4 fruits for 60 gold pieces
 14460 | Orc:3    | Bought a slice of pizza for 15 gold pieces
 14460 | Orc:3    | Bought a beef jerky for 15 gold pieces
 14460 | Orc:3    | Bought a bread ration for 50 gold pieces
 14460 | Orc:3    | Bought a slice of pizza for 15 gold pieces
 14460 | Orc:3    | Bought a royal jelly for 20 gold pieces
 14460 | Orc:3    | Bought 2 fruits for 30 gold pieces
 14460 | Orc:3    | Bought a bread ration for 50 gold pieces
 14773 | Orc:3    | Found a staircase to the Elven Halls.
 14833 | Orc:4    | Entered Level 4 of the Orcish Mines
 14879 | Orc:4    | Found a roughly hewn altar of Beogh.
 14986 | Orc:4    | Found a dark tunnel.
 14998 | Volcano  | Entered a volcano
 15112 | Volcano  | Reached skill level 10 in Axes
 15325 | Volcano  | Found a bloodstained altar of Trog.
 15325 | Volcano  | Noticed an ogre mage
 15331 | Volcano  | Killed an ogre mage
 15334 | Volcano  | HP: 1/98 [hill giant/giant club of flaming (23)]
 15334 | Volcano  | Slain by a hill giant

Action                   |  1- 3 |  4- 6 |  7- 9 | 10-12 || total
-------------------------+-------+-------+-------+-------++-------
Melee: War axe           |   105 |    32 |    41 |       ||   178
       Spear             |       |    85 |   209 |   139 ||   433
       Whip              |       |       |    31 |    21 ||    52
       Battleaxe         |       |       |    30 |   722 ||   752
       Broad axe         |       |       |       |     3 ||     3
 Fire: Blowgun           |       |       |       |     8 ||     8
Throw: Tomahawk          |       |       |     3 |     3 ||     6
 Abil: Dig               |     5 |     3 |    11 |    27 ||    46
       Shaft Self        |     1 |     1 |     2 |     2 ||     6
Evoke: Wand              |       |     2 |     3 |     1 ||     6
  Use: Scroll            |     2 |     9 |    11 |    10 ||    32
       Potion            |       |     4 |     1 |     7 ||    12
 Stab: Distracted        |       |       |       |     6 ||     6
  Eat: Chunk             |     3 |     5 |     4 |       ||    12
       Fruit             |       |       |     4 |     5 ||     9
       Pizza             |       |       |     2 |     3 ||     5
       Beef jerky        |       |       |     1 |     4 ||     5
       Royal jelly       |       |       |     1 |     2 ||     3
       Bread ration      |       |       |       |     5 ||     5
